 Dungeon Crawl Stone Soup version 0.22.1-6-g1668fe2 (webtiles) character file.

2133 dengdeng the Cleaver (level 9, -12/75 HPs)
             Began as a Minotaur Berserker on Jan 24, 2019.
             Was a Priest of Trog.
             Mangled by a two-headed ogre
             ... wielding a +0 giant club
              (15 damage)
             ... on level 8 of the Dungeon.
             The game lasted 00:23:36 (7324 turns).

dengdeng the Cleaver (Minotaur Berserker)           Turns: 7324, Time: 00:23:37

Health: -12/75     AC: 13    Str: 31 (33) XL:     9   Next: 9%
Magic:  8/8        EV: 10    Int:  2 (4)  God:    Trog [***...]
Gold:   348        SH:  0    Dex: 10      Spells: 8/8 levels left

rFire    . . .     SeeInvis .   r - +0 war axe
rCold    . . .     Gourm    +   (no shield)
rNeg     . . .     Faith    .   q - +0 chain mail
rPois    .         Spirit   .   (helmet restricted)
rElec    .         Reflect  .   (no cloak)
rCorr    .         Harm     .   u - +0 pair of gloves
MR       .....                  C - +0 pair of boots
Stlth    ..........             e - amulet of the gourmand
HPRegen  0.22/turn              j - +3 ring of strength
MPRegen  0.11/turn              l - +5 ring of strength

@: no status effects
A: retaliatory headbutt, horns 2
a: Berserk, Trog's Hand, Renounce Religion


You were on level 8 of the Dungeon.
You worshipped Trog.
Trog was most pleased with you.
You were completely stuffed.

You visited 1 branch of the dungeon, and saw 8 of its levels.

You collected 348 gold pieces.

Inventory:

Hand Weapons
 a - a +1 hand axe
 r - a +0 war axe (weapon)
 y - a cursed -1 rapier
Missiles
 d - 266 stones (quivered)
 h - 7 javelins
Armour
 q - a +0 chain mail (worn)
 u - a +0 pair of gloves (worn)
 C - a +0 pair of boots (worn)
Jewellery
 e - an amulet of the gourmand (around neck)
 j - a +3 ring of strength (left hand)
 l - a +5 ring of strength (right hand)
 v - an uncursed ring of stealth {unknown}
 B - an uncursed amulet of faith {unknown}
Wands
 g - a wand of iceblast (13)
 k - a wand of paralysis (8)
 p - a wand of disintegration (13)
Scrolls
 i - 3 scrolls of blinking {unknown}
 m - 9 scrolls of identify {unknown}
 o - 3 scrolls of remove curse
 s - a scroll of summoning {unknown}
 x - a scroll of magic mapping {unknown}
 z - a scroll of teleportation {unknown}
 A - a scroll of amnesia {unknown}
Potions
 b - 3 potions of degeneration
 f - a potion of might
 n - a potion of haste
 t - a potion of flight
Comestibles
 c - 13 rations


   Skills:
 + Level 6.2 Fighting
 * Level 11.4 Axes
 + Level 0.4 Throwing
 + Level 6.8 Armour
 + Level 3.5 Dodging
 + Level 1.6 Stealth


You had 8 spell levels left.
You didn't know any spells.
Your spell library was empty.

Dungeon Overview and Level Annotations

Branches:
Dungeon (8/15)             Temple (0/1) D:6
   Lair: D:8-11

Altars:
Ashenzari
Sif Muna
Xom
The Shining One

Shops:
D:7 }


Innate Abilities, Weirdness & Mutations

You reflexively headbutt those who attack you in melee.
You have a pair of horns on your head.


Message History

You slash the two-headed ogre!
The two-headed ogre is heavily wounded.
The two-headed ogre hits you with a giant club!
The two-headed ogre hits you but does no damage.
You slash the two-headed ogre!
The two-headed ogre is severely wounded.
The two-headed ogre hits you with a giant club!
The two-headed ogre hits you with a giant spiked club!
You hit the two-headed ogre but do no damage.
The two-headed ogre is severely wounded.
You barely miss the two-headed ogre.
The two-headed ogre is severely wounded.
The two-headed ogre hits you with a giant club!
* * * LOW HITPOINT WARNING * * *
The two-headed ogre hits you with a giant spiked club!
* * * LOW HITPOINT WARNING * * *
You completely miss the two-headed ogre.
The two-headed ogre is severely wounded.
The two-headed ogre hits you with a giant club!
You die...

#.##..##..
#.#####.##......
#............#.#
#######.##.#.#.#
##.#.##.#.#.#
##....##.#.#.##
#.....##.# ...
#........###O#
#.#.###...##@#####.
#.#.#
#............# #
#.# ###.#..#####.#
#.# #.#.## ...
#.#.# #.. #.#.# #.
#.#.# #.#.. .....


You could see a two-headed ogre.

Vanquished Creatures
  A hornet (D:7)
  An orc warrior (D:6)
  2 ice beasts
  2 ogres
  5 centaurs
  Blork the orc (D:5)
  A bullfrog (D:7)
  3 scorpions
  A centaur zombie (D:5)
  2 crimson imps
  6 orc wizards
  2 hounds
  An orc priest (D:6)
  2 bullfrog skeletons
  2 jellies (D:7)
  An iguana (D:5)
  3 worker ants
  2 hound zombies
  6 adders
  A gnoll (D:4)
  5 shadow imps
  An ooze (D:3)
  2 adder skeletons
  3 worms (D:2)
  2 dart slugs
  7 leopard geckos
  17 orcs
  10 giant cockroaches
  6 goblins
  6 hobgoblins
  12 jackals
  2 quokkas
  A ball python (D:4)
  11 bats
  4 frilled lizards
  6 kobolds
  A leopard gecko skeleton (D:4)
  11 rats
152 creatures vanquished.

Notes
Turn   | Place    | Note
-------+----------+-------------------------------------------
     0 | D:1      | dengdeng the Minotaur Berserker began the quest for the
                  | Orb.
     0 | D:1      | Reached XP level 1. HP: 19/19 MP: 0/0
   169 | D:1      | Reached XP level 2. HP: 23/27 MP: 1/1
   362 | D:1      | Reached skill level 4 in Axes
   617 | D:1      | Reached XP level 3. HP: 20/33 MP: 2/2
  1562 | D:2      | Reached ** piety under Trog
  2181 | D:3      | Reached XP level 4. HP: 39/41 MP: 3/3
  2279 | D:3      | Found a shattered altar of Ashenzari.
  2677 | D:3      | Reached skill level 5 in Axes
  2708 | D:3      | Reached skill level 1 in Stealth
  2805 | D:3      | Found a shimmering altar of Xom.
  3065 | D:4      | Reached XP level 5. HP: 47/47 MP: 4/4
  3192 | D:4      | Found a glowing golden altar of the Shining One.
  3235 | D:4      | Reached skill level 6 in Axes
  3382 | D:4      | Reached skill level 5 in Fighting
  3382 | D:4      | Reached XP level 6. HP: 23/56 MP: 5/5
  4365 | D:5      | Entered Level 5 of the Dungeon
  4411 | D:5      | Reached skill level 7 in Axes
  4421 | D:5      | Reached XP level 7. HP: 61/61 MP: 6/6
  4422 | D:5      | Noticed Blork the orc
  4432 | D:5      | Killed Blork the orc
  4432 | D:5      | Reached skill level 8 in Axes
  4540 | D:5      | Reached *** piety under Trog
  4610 | D:5      | Reached skill level 5 in Armour
  4901 | D:6      | Reached XP level 8. HP: 67/70 MP: 7/7
  5013 | D:6      | Reached skill level 9 in Axes
  5290 | D:6      | Found a staircase to the Ecumenical Temple.
  5772 | D:6      | Found a deep blue altar of Sif Muna.
  6030 | D:7      | Reached skill level 10 in Axes
  6065 | D:7      | Noticed a hornet
  6068 | D:7      | Paralysed by a hornet for 1 turns
  6073 | D:7      | Killed a hornet
  6472 | D:7      | Reached skill level 11 in Axes
  6480 | D:7      | Reached XP level 9. HP: 53/75 MP: 8/8
  6837 | D:7      | Found Qaitsa Icwio's Gadget Shoppe.
  7314 | D:8      | Noticed a two-headed ogre
  7323 | D:8      | HP: 3/75 [two-headed ogre/giant club (12)]
  7324 | D:8      | Mangled by a two-headed ogre

Skill      XL: |  1  2  3  4  5  6  7  8 |
---------------+-------------------------+-----
Fighting       | 4 5 6 |  6.2
Axes           | 4 5 6 7 8 11 | 11.4
Stealth        | 1 |  1.6
Armour         | 3 4 5 6 |  6.8
Dodging        | 3 |  3.5
Throwing       | |  0.4

Action                   |  1- 3 |  4- 6 |  7- 9 || total
-------------------------+-------+-------+-------++-------
Melee: Hand axe          |   106 |    94 |       ||   200
       Headbutt          |    20 |    24 |    26 ||    70
       War axe           |       |    16 |   135 ||   151
Throw: Stone             |    14 |       |       ||    14
Invok: Berserk           |       |     1 |     1 ||     2
       Trog's Hand       |       |     2 |     2 ||     4
  Use: Scroll            |     4 |       |       ||     4
       Potion            |       |       |     8 ||     8
  Eat: Chunk             |     9 |    16 |    11 ||    36
Armor: Animal skin       |     4 |       |       ||     4
       Leather armour    |     3 |       |       ||     3
       Scale mail        |       |    16 |       ||    16
       Ring mail         |       |     1 |       ||     1
       Chain mail        |       |    34 |    51 ||    85
Dodge: Dodged            |    72 |    63 |    72 ||   207
